Zazza, neutral female human Tourist ------ # # |.<...# ----- ------- |....|# |...| |^....| |....|# -------------- |....########-.....| ---|--# #-.....%......-#####|...| |.....| # ## # # ###|............| #-...| |.....| # # # -------- # |............| |...| ------- # # # |......| ### -------------- |...| # # ### |......| # ----- # # |.....>.############### # # ###|......| # # #........####### -----.- -------- |..>.@| |`....| ------- Zazza the Rambler Experience level: 1 Strength: 10 Dexterity: 12 Constitution: 14 Intelligence: 14 Wisdom: 9 Charisma: 18 Health: 10(10) Energy: 2(2) Def: 1 Gold: 211 Moves: 1464 Dungeon seed: d7aUj6h23sdJqP1X Game ID: Zazza_1619460110 Your Inventory: Coins $ - 211 gold pieces Weapons a - 27 +2 darts (in quiver) k - 2 +0 orcish daggers m - 10 +0 darts E - a +0 elven dagger (weapon in hand) Armor e - an uncursed +0 Hawaiian shirt (being worn) n - an uncursed +0 orcish helm (being worn) q - an uncursed +0 orcish helm N - an uncursed +0 orcish helm Comestibles b - 3 uncursed eggs d - an uncursed clove of garlic f - 7 uncursed food rations Scrolls h - 3 uncursed scrolls of magic mapping o - an uncursed scroll of remove curse D - an uncursed scroll of identify Potions g - 2 uncursed potions of extra healing p - an uncursed potion of fruit juice r - 2 uncursed potions of see invisible s - an uncursed potion of levitation t - an uncursed potion of fruit juice u - an uncursed potion of extra healing v - an uncursed potion of confusion w - 2 uncursed potions of water x - an uncursed potion of object detection z - an uncursed potion of healing A - an uncursed potion of sickness Tools i - an expensive camera (0:56) j - an uncursed credit card Gems y - an uncursed worthless piece of orange glass Spells and supernatural/magical abilities: Name Level Category Fail Memory W - pray for help -- divine ? -- Your skills at the end: Fighting Skills Weapon Skills dart [Basic] Spellcasting Skills Final Attributes: You were nominally aligned. You were lucky. You survived. Vanquished creatures: a hobbit 2 yellow molds a red mold a gecko 8 jackals 2 foxes 6 goblins a sewer rat 3 grid bugs 4 lichens a kobold zombie 4 newts 34 creatures vanquished. Voluntary challenges: You followed a strict vegan diet. You used a wielded weapon 5 times, starting on turn 52. You read items or engraved 1 time, starting on turn 1389. You never genocided any monsters. You never polymorphed an object. You never changed form. You used no wishes. You never split a pudding. You never wrote Elbereth's name. You never violated your personal moral code. Dungeon overview: The Dungeons of Doom: levels 1 to 4 Level 1 a fountain a long staircase Level 2 a potion shop Level 3 Level 4 <- You were here stairs to The Gnomish Mines The Gnomish Mines: Level 5 stairs to The Dungeons of Doom History has recorded: On T:1 you entered the Dungeons of Doom to retrieve the Amulet of Yendor! On T:351 you reached level 2 of The Dungeons of Doom. On T:603 you reached level 3 of The Dungeons of Doom. On T:1052 you reached level 4 of The Dungeons of Doom. On T:1089 you reached level 1 of The Gnomish Mines. Score breakdown: Gold: 0 ( 0 points) Experience: 1 level ( 0 points) Exploration: 5 levels ( 9.80%) ( 8485 points) Discoveries: 1 item ( 0.34%) ( 1737 points) Valuables value: (no points given unless you survive) Artifact value: 0 ( 0 points) Variety of kills: 12 monsters ( 3.15%) ( 5324 points) Turncount: 1464 turns ( 0 points) Survival: quit (score multiplied by 90%) Total score: 13991 Latest messages: That door is closed. You succeed in picking the lock. The door opens. You faint from lack of food. You come to. You begin praying to The Lady. You are surrounded by a shimmering light. You feel that The Lady is satisfied. My, that was a yummy slime mold! Your movements are now unencumbered. You finish eating the slime mold. My, that was a yummy slime mold! You finish eating the slime mold. My, that was a yummy slime mold! You finish eating the slime mold. You see here 9 darts. m - 9 darts. Final status: Aloha Zazza the Tourist, quit... You quit in The Dungeons of Doom on dungeon level 4 with 13991 points, and 211 pieces of gold, after 1464 moves. You were level 1 with a maximum of 10 hit points when you quit.